 Dungeon Crawl Stone Soup version 0.19-a0-75-g99403da (webtiles) character file.

3660 Lugonue the Unseen (level 9, -2/39 HPs)
             Began as a Spriggan Enchanter on May 10, 2016.
             Was a Follower of Sif Muna.
             Slain by a troll (7 damage)
             ... on level 10 of the Dungeon.
             The game lasted 00:49:54 (6864 turns).

Lugonue the Unseen (Spriggan Enchanter)             Turns: 6864, Time: 00:49:55

Health: -2/39      AC:  5    Str:  4    XL:     9   Next: 89%
Magic:  15/21      EV: 19    Int: 20    God:    Sif Muna [*.....]
Gold:   327        SH:  0    Dex: 18    Spells: 5 memorised, 10 levels left

rFire  . . .     SeeInvis +     j - -1 dagger (curse)
rCold  . . .     Gourm    .     g - +2 robe
rNeg   . . .     Faith    .     (shield restricted)
rPois  .         Spirit   .     (helmet restricted)
rElec  .         Dismiss  .     l - +0 cloak
rCorr  .         Reflect  .     (gloves unavailable)
SustAt .         Harm     .     (boots unavailable)
MR     +....                    (no amulet)
Stlth  +++++++++.               (no ring)
                                n - ring of stealth

@: very quick, somewhat resistant to hostile enchantments, incredibly stealthy
A: unfitting armour, claws 1, see invisible, agile 1, herbivore 3, speed 3, slow
metabolism 2
a: Channel Energy, Renounce Religion


You were on level 10 of the Dungeon.
You worshipped Sif Muna.
Sif Muna was aware of your devotion.
You were full.

You visited 2 branches of the dungeon, and saw 11 of its levels.
You also visited: Ossuary.

You collected 327 gold pieces.

Inventory:

Hand Weapons
 a - a +1 dagger
 b - a +1 rapier
 j - a cursed -1 dagger (weapon)
 r - a +2 dagger of speed
Missiles
 m - 2 throwing nets (quivered)
Armour
 g - a +2 robe (worn)
 k - a +0 buckler
 l - a +0 cloak (worn)
Jewellery
 n - a ring of stealth (left claw)
Wands
 h - a wand of enslavement (13/24)
 i - a wand of lightning (13/15)
 t - a wand of digging (8/24)
Scrolls
 d - 5 scrolls of enchant armour
 f - a scroll of immolation
 o - 2 scrolls of amnesia
 x - a scroll of identify
 y - 2 scrolls of remove curse
Potions
 e - a potion of heal wounds
 q - a potion of flight
 s - 2 potions of curing
 u - a potion of haste
 v - a potion of mutation
Books
 c - a book of Maledictions

   Spells                             Type                      Level
   a - Corona                         Hexes                        1
   b - Ensorcelled Hibernation        Hexes/Ice                    2
   c - Confuse                        Hexes                        3
   d - Tukima's Dance                 Hexes                        3
   e - Dazzling Spray                 Conjuration/Hexes            3
 p - a book of Clouds

   Spells                             Type                      Level
   a - Mephitic Cloud                 Conjuration/Poison/Air       3
   b - Conjure Flame                  Conjuration/Fire             3
   c - Poisonous Cloud                Conjuration/Poison/Air       6
   d - Freezing Cloud                 Conjuration/Ice/Air          6
   e - Ring of Flames                 Charms/Fire                  7
Comestibles
 w - a bread ration


   Skills:
 * Level 4.8 Short Blades
 * Level 3.5 Dodging
 + Level 16.9 Stealth
 + Level 7.3 Spellcasting
 * Level 5.9 Hexes


You had 10 spell levels left.
You knew the following spells:

 Your Spells              Type           Power        Failure   Level  Hunger
a - Ensorcelled Hibernat  Hex/Ice        ###...       4%          2    None
b - Corona                Hex            ####...      1%          1    None
c - Confuse               Hex            ####....     2%          3    #......
d - Tukima's Dance        Hex            ####....     2%          3    #......
e - Mephitic Cloud        Conj/Pois/Air  #.......     30%         3    #......


Dungeon Overview and Level Annotations

Branches:
Dungeon (10/15)            Temple (1/1) D:4
   Lair: D:8-11         Orc: D:9-12

Altars:
Ashenzari
Dithmenos
Elyvilon
Fedhas
Gozag
Kikubaaqudgha
Makhleb
Nemelex Xobeh
Okawaru
Pakellas
Qazlal
Ru
Sif Muna
Trog
Vehumet
Xom
Yredelemnul
Zin
The Shining One

Annotations:
D:5 exclusion: giant gecko
D:8 Erica


Innate Abilities, Weirdness & Mutations

You are tiny and cannot use many weapons and most armour.
You have supernaturally acute eyesight.
You are a herbivore.
You cover ground extremely quickly.
You need consume almost no food.
You have sharp fingernails.
You are agile. (Dex +2)


Message History

a short sword; a stone You see here 2 stones.
Things that are here:
a blowgun; 21 poisoned needles
Things that are here:
a club; a kobold corpse You now have 327 gold pieces (gained 9).
You open the door.
There is an open door here.
You open the door.
A troll comes into view.
Found a beef jerky.
The troll shouts!
The troll closely misses you. The troll claws you but does no damage.
The troll closely misses you.
There is an open door here.
You hit the troll but do no damage. The troll bites you! The troll claws you!
* * * LOW HITPOINT WARNING * * *
The troll claws you!
You die...

.# .# #.# ##+######
##.. #.......# #..
########.......# #.#
###......'.......#
##.###...######.......#
)).....### ##@######
##.##### #T...# #..#
####%# #.## .# #.# #
#.# #.###### ........#
........#


You could see a troll.

Vanquished Creatures
  Joseph (D:8)
  Sigmund (D:4)
  Eustachio (D:4)
  Menkaure (D:7)
  Duvessa (D:7)
  4 orc warriors
  An ice beast (D:6)
  2 black bears
  2 ogres
  A centaur (D:6)
  A big kobold (D:10)
  5 giant frogs
  A gnoll sergeant (D:6)
  Dowan (D:7)
  A wyvern skeleton (D:7)
  10 scorpions
  A wight (D:8)
  A centaur zombie (Ossuary)
  2 crimson imps
  A centaur skeleton (D:7)
  4 hounds
  Crazy Yiuf (D:7)
  A human zombie (Ossuary)
  An orc priest (D:9)
  3 iguanas
  3 worker ants
  5 orc wizards (D:9)
  A hound skeleton (D:5)
  8 adders
  4 gnolls (D:6)
  2 scorpion zombies (Ossuary)
  A shadow imp (D:6)
  An adder skeleton (D:7)
  4 worms
  A dart slug (D:1)
  5 giant geckos
  26 orcs
  3 bats
  5 giant cockroaches
  A gnoll zombie (Ossuary)
  5 goblins
  7 hobgoblins
  14 jackals
  A quokka (D:4)
  A ball python (D:5)
  A giant gecko skeleton (D:6)
  2 giant newts
  A hobgoblin zombie (Ossuary)
  11 kobolds
  2 kobold zombies (Ossuary)
  An orc zombie (Ossuary)
  7 rats
172 creatures vanquished.

Vanquished Creatures (others)
  A dancing weapon (D:6)
  A hobgoblin zombie (Ossuary)
  A kobold zombie (Ossuary)
3 creatures vanquished.

Grand Total: 175 creatures vanquished

Notes
Turn   | Place    | Note
--------------------------------------------------------------
     0 | D:1      | Lugonue the Spriggan Enchanter began the quest for the Orb.
     0 | D:1      | Reached XP level 1. HP: 9/9 MP: 5/5
    91 | D:1      | Reached skill level 5 in Stealth
   204 | D:1      | Reached XP level 2. HP: 13/13 MP: 4/6
   359 | D:2      | Reached skill level 6 in Stealth
   363 | D:2      | Learned a level 2 spell: Ensorcelled Hibernation
   633 | D:2      | Reached XP level 3. HP: 16/16 MP: 8/8
   761 | D:2      | Found a white marble altar of Elyvilon.
   986 | D:3      | Found an opulent altar of Gozag.
  1050 | D:3      | Reached skill level 7 in Stealth
  1375 | D:3      | Found a blossoming altar of Fedhas.
  1464 | D:3      | Reached XP level 4. HP: 21/21 MP: 6/9
  1478 | D:3      | Reached skill level 8 in Stealth
  1578 | D:3      | Learned a level 3 spell: Confuse
  1808 | D:4      | Found a sacrificial altar of Ru.
  1825 | D:4      | Noticed Eustachio
  1880 | D:4      | Reached XP level 5. HP: 24/24 MP: 7/10
  1894 | D:4      | Killed Eustachio
  1894 | D:4      | Reached skill level 10 in Stealth
  1894 | D:4      | Reached XP level 6. HP: 13/28 MP: 1/11
  1935 | D:4      | Learned a level 3 spell: Tukima's Dance
  2096 | D:4      | Noticed Sigmund
  2127 | D:4      | Killed Sigmund
  2127 | D:4      | Reached skill level 11 in Stealth
  2212 | D:4      | Found a staircase to the Ecumenical Temple.
  2241 | Temple   | Entered the Ecumenical Temple
  2347 | Temple   | Became a worshipper of Sif Muna the Loreminder
  2683 | D:5      | Entered Level 5 of the Dungeon
  2683 | D:5      | Found a shattered altar of Ashenzari.
  2784 | D:5      | Reached XP level 7. HP: 28/32 MP: 12/12
  2950 | D:5      | Reached skill level 12 in Stealth
  3348 | D:5      | Noticed a moth of wrath
  3351 | D:5      | Found a bloodstained altar of Trog.
  3523 | D:6      | Learned a level 3 spell: Mephitic Cloud
  3523 | D:6      | Found a shimmering altar of Xom.
  3528 | D:6      | Reached skill level 13 in Stealth
  3859 | D:6      | Reached XP level 8. HP: 36/36 MP: 14/14
  3942 | D:6      | Found a sparkling altar of Nemelex Xobeh.
  3945 | D:6      | Reached skill level 14 in Stealth
  4009 | D:6      | Found a shadowy altar of Dithmenos.
  4328 | D:7      | Found a burning altar of Makhleb.
  4493 | D:7      | Found a sand-covered staircase.
  4498 | D:7      | Noticed Dowan
  4499 | D:7      | Noticed Duvessa
  4578 | Ossuary  | Entered an ossuary
  4724 | Ossuary  | Reached skill level 15 in Stealth
  4821 | Ossuary  | Reached skill level 5 in Spellcasting
  5175 | Ossuary  | Gained mutation: You are agile. (Dex +2) [potion of beneficial mutation]
  5176 | Ossuary  | Gained mutation: You have sharp fingernails. [potion of beneficial mutation]
  5250 | D:7      | Killed Duvessa
  5250 | D:7      | Reached XP level 9. HP: 39/39 MP: 7/18
  5358 | D:7      | Killed Dowan
  5558 | D:7      | Noticed Crazy Yiuf
  5564 | D:7      | Killed Crazy Yiuf
  5628 | D:7      | Reached * piety under Sif Muna
  5789 | D:7      | Noticed Menkaure
  5799 | D:7      | Killed Menkaure
  5799 | D:7      | Reached skill level 16 in Stealth
  5911 | D:8      | Noticed Joseph
  5960 | D:8      | Reached skill level 5 in Hexes
  6005 | D:8      | Killed Joseph
  6016 | D:8      | Found a glowing silver altar of Zin.
  6031 | D:8      | Noticed Erica
  6192 | D:9      | Found a glowing golden altar of the Shining One.
  6734 | D:8      | Noticed an unseen horror
  6786 | D:10     | Entered Level 10 of the Dungeon
  6862 | D:10     | Noticed a troll
  6864 | D:10     | Slain by a troll

Vault maps used:
D:1:      scummos_arrival_simple_crosswalls
D:2:      elyvilon_altar_5
D:3:      overflow_temple_1_default, fedhas_altar_4, lemuel_crystal_altar,
          first_bread, minmay_distorted
D:4:      nicolae_ru_awakened_eye, minmay_temple_entry_statues_pillars,
          serial_shops, kennysheep_mini, shop,
          nicolae_shop_temple_entry_statues_fountains, grunt_ministairs_13,
          uniq_eustachio, uniq_sigmund
D:5:      overflow_temple_1_default, tgw_trog, corner_web_ring,
          minmay_misc_feat_hallway
D:6:      nemelex_deck, xom_teletrap_fun, lemuel_crystal_altar,
          grunt_ministairs_3
D:7:      lemuel_ratsnest, bloody_makhleb, nicolae_ossuary_entry_monument,
          lightli_minifort, uniq_crazy_yiuf_cottage, uniq_menkaure, uniq_duvessa
D:8:      lemuel_doored_altar, uniq_joseph, uniq_erica
D:9:      tso_metal_star
D:10:     hangedman_fish_farm
Temple:   nicolae_temple_great_sept
Ossuary:  ossuary_minmay_scorpions

Skill      XL: |  1  2  3  4  5  6  7  8  9 |
---------------+----------------------------+-----
Stealth        | 5 6 7 8 10 11 13 15 16 | 16.9
Spellcasting   | 3 5 7 |  7.3
Short Blades   | 2 4 |  4.8
Hexes          | 4 5 |  5.9
Dodging        | |  3.5

Action                   |  1- 3 |  4- 6 |  7- 9 || total
-------------------------+-------+-------+-------++-------
Melee: Dagger            |    96 |    29 |   388 ||   513
       Rapier            |    19 |    25 |    10 ||    54
       Short sword       |     2 |       |       ||     2
 Cast: Corona            |    23 |     4 |     3 ||    30
       Ensorcelled Hiber |     8 |    13 |    41 ||    62
       Confuse           |       |     1 |    31 ||    32
       Tukima's Dance    |       |     1 |     1 ||     2
       Mephitic Cloud    |       |       |    16 ||    16
  Use: Scroll            |     1 |     4 |     9 ||    14
       Potion            |       |     6 |     6 ||    12
 Stab: Sleeping          |    17 |    18 |    61 ||    96
       Distracted        |     1 |     1 |     1 ||     3
       Confused          |       |     1 |    29 ||    30
  Eat: Bread ration      |       |     1 |     1 ||     2
       Pizza             |       |       |     1 ||     1
Armor: Robe              |    12 |     4 |    61 ||    77
Dodge: Dodged            |    97 |    40 |   308 ||   445
